 Dungeon Crawl Stone Soup version 0.17.2-1-ge4368a0 (webtiles) character file.

156 Goblin1989 the Cudgeler (level 5, -1/41 HPs)
             Began as a Demonspawn Fighter on Sept 29, 2016.
             Was a Follower of Trog.
             Succumbed to an orc's poison
             ... on level 4 of the Dungeon.
             The game lasted 00:08:17 (2904 turns).

Goblin1989 the Cudgeler (Demonspawn Fighter)        Turns: 2904, Time: 00:08:17

Health: -1/41      AC:  7    Str: 17    XL:     5   Next: 14%
Magic:  5/5        EV:  6    Int:  9    God:    Trog [*.....]
Gold:   138        SH: 10    Dex: 13    Spells: 0 memorised, 4 levels left

rFire  . . .     SeeInvis .     a - +0 flail
rCold  . . .     Clarity  .     b - +0 scale mail
rNeg   + . .     SustAt   +     l - +2 shield
rPois  .         Gourm    .     (helmet restricted)
rElec  .         Spirit   .     (no cloak)
rCorr  .         Warding  .     (no gloves)
rMut   .         Stasis   .     (no boots)
MR     .....                    (no amulet)
Stlth  ..........               r - ring of sustain attributes
                                i - ring of positive energy

@: lethally poisoned (-1 -> -18), not resistant to hostile enchantments,
extremely unstealthy
A: antennae 2, icy blue scales 1
a: Berserk, Burn Spellbooks, Renounce Religion


You were on level 4 of the Dungeon.
You worshipped Trog.
Trog was aware of your devotion.
You were hungry.

You visited 1 branch of the dungeon, and saw 4 of its levels.

You collected 138 gold pieces.

Inventory:

Hand Weapons
 a - a +0 flail (weapon)
Armour
 b - a +0 scale mail (worn)
 l - a +2 shield (worn)
Jewellery
 i - a ring of positive energy (left hand)
 r - a ring of sustain attributes (right hand)
Scrolls
 c - 4 scrolls of teleportation {unknown}
 f - 4 scrolls of remove curse {unknown}
 h - a scroll of recharging {unknown}
 j - 4 scrolls of identify {unknown}
 k - 3 scrolls of blinking {unknown}
 p - a scroll of amnesia {unknown}
 s - a scroll of immolation {unknown}
 t - a scroll of fear {unknown}
 w - 2 scrolls of fog {unknown}
Potions
 d - a potion of might
 g - a potion of lignification {unknown}
 m - a potion of flight {unknown}
 u - a potion of heal wounds {unknown}
Books
 o - a book of Enchantments

   Spells                             Type                      Level
   a - Cause Fear                     Hexes                        4
   b - Silence                        Hexes/Air                    5
   c - Deflect Missiles               Charms/Air                   6
   d - Haste                          Charms                       6
   e - Discord                        Hexes                        8
   Trog disapproves of the use of such an item.
Comestibles
 e - 4 bread rations
 v - a beef jerky


   Skills:
 - Level 3.0 Fighting
 + Level 4.9 Maces & Flails
 - Level 2.6 Armour
 - Level 2.6 Shields


You had 4 spell levels left.
You didn't know any spells.

Dungeon Overview and Level Annotations

Branches:
Dungeon (4/15)
 Temple: D:4-7

Altars:
Fedhas
Okawaru
Trog
Yredelemnul
Zin


Innate Abilities, Weirdness & Mutations

You have a pair of antennae on your head.
You are partially covered in icy blue scales (AC +1).


Message History

* * * LOW HITPOINT WARNING * * *
You are more poisoned.
You block the orc's attack.
You thump the orc!
You kill the orc!
Trog accepts your kill.
* * * LOW HITPOINT WARNING * * *
You feel sick. You block the orc's attack.
* * * LOW HITPOINT WARNING * * *
You feel sick. You block the orc's attack.
You see here an orc corpse.
You hit the orc.
The orc is severely wounded.
You are feeling hungry.
* * * LOW HITPOINT WARNING * * *
You feel sick. You block the orc's attack.
You hit the orc.
You kill the orc!
Trog accepts your kill.
You die...

ਜ....ਜਜਜਜਜਜਜਜ ਜ....ਜ
ਜ..... ਜ....ਜ ਜ.ਜ... ਜ
ਜ....ਜ ਜ.ਜ... ਜ. ਜ....ਜ
ਜ.ਜ... ਜ.. ਜ....ਜ ਜ.....
ਜ...ਜਜਜਜਜਜਜ....ਜ ਜਜਜ.ਜ.
.ਜ.....)ਜ.......ਜਜਜਜਜ.ਜਜ
......)@∆............>..
.ਜਜਜ....ਜ....ਜਜਜਜ.ਜਜਜਜਜਜ
ਜ....ਜ....ਜਜਜਜ∆ਜਜਜਜਜ
ਜ....ਜਜਜਜਜ.........ਜ
ਜ..... ਜ.........ਜ
ਜ.ਜ... ਜ.........ਜ
ਜ.ਜ... ਜ.........ਜ
ਜ...... ▲.........ਜ
ਜ.........ਜ


There were no monsters in sight!

Vanquished Creatures
  An orc wizard (D:4)
  Jessica (D:2)
  4 adders
  2 worms (D:3)
  3 giant geckos
  4 orcs
  3 giant cockroaches
  8 goblins
  9 hobgoblins
  8 jackals
  2 ball pythons
  5 bats
  4 kobolds
  4 rats
58 creatures vanquished.

Notes
Turn   | Place    | Note
--------------------------------------------------------------
     0 | D:1      | Goblin1989 the Demonspawn Fighter began the quest for the Orb.
     0 | D:1      | Reached XP level 1. HP: 18/18 MP: 1/1
   515 | D:1      | Gained mutation: You have a pair of small antennae on your head. [demonic ancestry]
   515 | D:1      | Reached XP level 2. HP: 24/24 MP: 2/2
   671 | D:2      | Noticed Jessica
   682 | D:2      | Killed Jessica
   682 | D:2      | Gained mutation: You have a pair of antennae on your head. [demonic ancestry]
   682 | D:2      | Reached XP level 3. HP: 3/29 MP: 3/3
  1720 | D:3      | Found a bloodstained altar of Trog.
  1734 | D:3      | Gained mutation: You are partially covered in icy blue scales (AC +1). [demonic ancestry]
  1734 | D:3      | Reached XP level 4. HP: 32/35 MP: 4/4
  1741 | D:3      | Became a worshipper of Trog the Wrathful
  1756 | D:3      | Reached skill level 4 in Maces & Flails
  2137 | D:3      | Found a glowing silver altar of Zin.
  2151 | D:3      | Found a faded altar to an unknown god.
  2454 | D:3      | Found a blossoming altar of Fedhas.
  2679 | D:3      | Found an iron altar of Okawaru.
  2690 | D:3      | Found a basalt altar of Yredelemnul.
  2884 | D:4      | Reached * piety under Trog
  2884 | D:4      | Reached XP level 5. HP: 36/41 MP: 5/5
  2903 | D:4      | HP: 1/41 [poisoned by an orc]
  2904 | D:4      | Succumbed to an orc's poison

Action                   |  1- 3 |  4- 6 || total
-------------------------+-------+-------++-------
Melee: Flail             |   102 |    79 ||   181
  Use: Potion            |       |     1 ||     1
  Eat: Chunk             |     2 |     4 ||     6

Vault maps used:
D:1:      minmay_arrival_arboretum_small
D:2:      first_bread, uniq_jessica
D:3:      nicolae_overflow_quartered_altars, ecumenical_altar_2,
          trog_hazing_becter
D:4:      minmay_temple_entry_statues_pillars, serial_shops,
          nicolae_shop_behind_doors, uniq_eustachio
